 Dungeon Crawl Stone Soup version 0.20-a0-1122-gb7cbeb9 (webtiles) character file.

127286 Monsterracer the Brawler (level 16, -3/128 (129) HPs)
             Began as a Troll Fighter on May 12, 2017.
             Was a High Priest of Hepliaklqana.
             Slain by a two-headed ogre
             ... wielding a +0 giant spiked club
              (5 damage)
             ... while paralysed by an ogre mage
             ... on level 15 of the Dungeon on May 13, 2017.
             The game lasted 01:42:33 (27385 turns).

Monsterracer the Brawler (Troll Fighter)           Turns: 27385, Time: 01:42:34

HP:   -3/128 (129)  AC: 14    Str: 33    XL:     16   Next: 45%
MP:   21/21         EV:  1    Int:  4    God:    Hepliaklqana [*****.]
Gold: 2142          SH:  0    Dex:  9    Spells: 13/15 levels left

rFire    + . .     SeeInvis +     - Unarmed
rCold    + . .     Gourm    +   C - +0 large shield
rNeg     . . .     Faith    .   M - +1 robe {rC+}
rPois    .         Spirit   .   n - +1 hat
rElec    .         Reflect  .   P - +4 cloak of Komajita {rF+}
rCorr    +         Harm     .   (gloves unavailable)
MR       +....                  (boots unavailable)
Stlth    +.........             J - amulet of regeneration
Regen    1.2/turn               E - ring of see invisible
MPRegen  0.2/turn               c - ring of resist corrosion

@: paralysed
A: unfitting armour, reduced essence, claws 3, horns 1, slimy green scales 1,
fast metabolism 3, frail 1, gourmand, regeneration 1, shaggy fur 1, tough skin
2, wild magic 1
a: Recall Ancestor, Ancestor Identity, Transference, Idealise, Renounce Religion


You were on level 15 of the Dungeon.
You worshipped Hepliaklqana.
Hepliaklqana was extremely pleased with you.
You were very full.

You visited 4 branches of the dungeon, and saw 24 of its levels.
You also visited: Ossuary and Ice Cave.

You collected 2142 gold pieces.

Inventory:

Armour
 n - a +1 hat (worn)
 y - a +1 robe of magic resistance
 C - a +0 large shield (worn)
 L - a +2 robe of fire resistance
 M - a +1 robe of cold resistance (worn)
 P - the +4 cloak of Komajita (worn) {rF+}
   (You acquired it on level 12 of the Dungeon)

   It protects you from fire.
Jewellery
 b - an uncursed ring of fire
 c - a ring of resist corrosion (right claw)
 o - an uncursed ring of teleportation
 E - a ring of see invisible (left claw)
 F - an uncursed ring of ice
 J - an amulet of regeneration (around neck)
 S - an uncursed ring of flight
Wands
 k - a wand of digging (16/24)
 r - a wand of acid (14/15)
 x - a wand of acid (8/15)
 H - a wand of lightning (5/15)
 I - a wand of acid (8/15)
 N - a wand of lightning (0/15)
 O - a wand of lightning (9/15)
 Q - a wand of digging (15/24)
Scrolls
 e - 11 scrolls of remove curse
 i - 8 scrolls of teleportation
 j - 9 scrolls of identify
 q - 9 scrolls of magic mapping
 v - 3 scrolls of enchant armour
 w - 5 scrolls of fear
 A - a scroll of fog
 G - a scroll of blinking
Potions
 a - 2 potions of haste
 f - a potion of cancellation
 g - 6 potions of curing
 h - 4 potions of brilliance
 l - 4 potions of heal wounds
 m - 5 potions of mutation
 s - 4 potions of flight
 t - 5 potions of magic
 z - a potion of might
 D - 2 potions of agility
 K - a potion of lignification
 T - a potion of ambrosia
Comestibles
 d - 16 bread rations
 p - 7 meat rations
 u - 25 royal jellies
 B - 52 fruits
 R - 8 chunks of flesh


   Skills:
 + Level 11.0 Fighting
 + Level 10.9 Dodging
 + Level 11.3 Shields
 * Level 18.1 Unarmed Combat
 - Level 8.0 Invocations


You had 13 spell levels left.
You knew the following spells:

 Your Spells              Type           Power        Failure   Level  Hunger
b - Blink                 Tloc           N/A          92%         2    ###....


Dungeon Overview and Level Annotations

Branches:
Dungeon (15/15)            Temple (1/1) D:5            Lair (6/6) D:9
 Shoals (0/4) Lair:3       Spider (0/4) Lair:3        Slime (0/5) Lair:5
    Orc (2/2) D:11            Elf (0/3) Orc:2        Vaults (0/5) D:13
 Depths (0/5) D:15

Altars:
Ashenzari
Cheibriados
Dithmenos
Elyvilon
Fedhas
Gozag
Hepliaklqana
Kikubaaqudgha
Makhleb
Nemelex Xobeh
Okawaru
Qazlal
Ru
Sif Muna
Trog
Uskayaw
Vehumet
Wu Jian
Xom
Yredelemnul
Zin
The Shining One
Jiyva

Shops:
Orc:1 %   Orc:2 }%((!

Annotations:
D:12 1 runed door


Innate Abilities, Weirdness & Mutations

You are too large for most types of armour.
You have claws for hands.
Your metabolism is lightning-fast.
You like to eat raw meat.
Your natural rate of healing is unusually fast.
You are covered in fur. (AC +1)
You have very tough skin. (AC +2)
Your life essence is reduced. (-10% HP)
You have a pair of small horns on your head.
You are partially covered in slimy green scales. (AC +2)
You are frail. (-10% HP)
Your spells are a little harder to cast, but a little more powerful.


Message History

Tlalli gestures at the fire dragon while chanting.
The fire dragon easily resists.
You hear a shout!
Something hits Tlalli.
Something misses Tlalli.
Something hits Tlalli but does no damage.
Something hits Tlalli.
The fire dragon bites Tlalli.
Tlalli is destroyed!
The ogre mage points at something and mumbles some strange words.
The ogre mage casts a spell at you. The bolt of lightning hits you!
The ogre mage casts a spell at you.
You suddenly lose the ability to move!
The fire dragon breathes flames at you. The blast of flame hits you!
You resist.
* * * LOW HITPOINT WARNING * * *
The ogre mage hits you but does no damage. x2
The two-headed ogre hits you with a giant spiked club!!
* * * LOW HITPOINT WARNING * * *
The two-headed ogre hits you with a giant club.
You die...

###.####.#.##########
.................... ..[.
#.#####.#.####.##### ....
#.#####.#.# ##.###
###..###.#.......#.###....#
#..........รท.#####........#
#.(..##.####(# #####.##.###
#....##.#..#)### #.#.....
#....##.....@..# #.#..###
#......(...DO..# #.#.....
####...######..O..# ...#.#..
#...........#.....# ...#.#.#
#.########.##.....# .....#..
#.# #.....O..# .....### #.#
#####....# ...
#.############O...#
#............)..### ...


You could see a fire dragon, 2 two-headed ogres, an ogre mage and an ogre.

Vanquished Creatures
  The ghost of AnCiEnTStOnEBeAsT the Executioner, a journeyman HOFi of Beogh (Lair:6)
  Azrael (D:12)
  Josephine (Lair:4)
  Harold (Lair:3)
  A fire dragon (Lair:6)
  Fannar (D:11)
  An ice dragon (Lair:6)
  2 rakshasas
  Erolcha (D:13)
  3 centaur warriors
  8 vault guards (D:13)
  9 hydras
  Erica (D:11)
  A tengu warrior (D:13)
  An ogre mage (Orc:2)
  11 two-headed ogres
  4 death yaks (Lair:5)
  A spark wasp zombie (D:15)
  The ghost of Protee the Deliberate, a novice TeAE of Cheibriados (D:7)
  A skeletal warrior (D:15)
  2 deep trolls (Orc:2)
  3 unseen horrors
  A swamp dragon (Lair:6)
  A lindwurm (Lair:6)
  2 necromancers
  Pikel (D:8)
  3 deep elf magi
  An orc knight (Orc:2)
  10 ugly things (D:14)
  4 cyclopes
  A wolf spider (D:13)
  28 elephants
  3 manticores
  An iron dragon skeleton (D:15)
  2 ice statues (IceCv)
  5 black mambas
  A stone giant skeleton (D:15)
  Psyche (D:12)
  11 spiny frogs
  A centaur zombie (D:11)
  4 centaur skeletons
  5 torpor snails (Lair:6)
  A water nymph (shapeshifter) (D:13)
  6 rime drakes
  4 gargoyles
  A guardian mummy (D:15)
  7 komodo dragons
  13 trolls
  10 ice devils
  A polar bear (Lair:4)
  A queen bee (D:10)
  6 hornets
  Prince Ribbit (D:8)
  A wolf spider simulacrum (D:13)
  A harpy skeleton (D:15)
  10 slime creatures
  3 tyrant leeches (Lair:6)
  13 blink frogs
  4 hippogriffs
  6 dream sheep (Lair:6)
  A redback (Lair:3)
  4 wyverns
  A vampire (D:12)
  A water elemental (D:11)
  4 wraiths (Lair:4)
  2 hogs (D:6)
  A human (D:7)
  39 yaks
  2 basilisks
  4 fire elementals
  2 hungry ghosts (D:13)
  Eustachio (D:4)
  6 vampire mosquitoes (D:12)
  A steam dragon (Lair:6)
  2 acid dragons
  6 wargs
  3 soldier ants
  15 water moccasins
  2 hell hounds
  9 porcupines
  6 ice beasts
  6 phantoms
  5 sky beasts
  2 black bears
  An eye of draining (D:12)
  25 orc warriors
  11 wolves
  26 ogres
  18 crocodiles
  14 centaurs
  A big kobold (D:9)
  18 bullfrogs
  2 gnoll sergeants
  5 scorpions
  A wyvern skeleton (D:12)
  20 killer bees
  2 howler monkeys
  10 wights
  An electric eel (Lair:1)
  2 bullfrog zombies
  A draconian simulacrum (IceCv)
  A quasit (D:14)
  5 crimson imps
  11 orc priests
  5 hounds
  2 bullfrog skeletons
  A gnoll shaman (Orc:1)
  A jelly (D:12)
  Jessica (D:3)
  25 orc wizards
  7 iguanas
  8 worker ants
  A spriggan simulacrum (IceCv)
  5 troll simulacra (IceCv)
  A centaur simulacrum (IceCv)
  7 big kobold zombies (Ossuary)
  A hound skeleton (D:4)
  A mummy (Ossuary)
  A worker ant zombie (D:6)
  10 gnolls
  12 adders
  2 naga simulacra (IceCv)
  4 shadow imps
  An ooze (D:2)
  2 adder zombies (D:7)
  5 worms
  6 dart slugs
  4 leopard geckos
  88 orcs
  3 spectral bats (Ossuary)
  3 ball pythons
  7 bats
  3 giant cockroaches
  5 gnoll zombies (Ossuary)
  6 hobgoblins
  10 jackals
  11 kobolds
  2 quokkas
  2 bat simulacra (Ossuary)
  9 frilled lizards
  6 goblins
  4 goblin simulacra (Ossuary)
  A goblin zombie (Ossuary)
  3 hobgoblin zombies (Ossuary)
  6 kobold simulacra (Ossuary)
  3 kobold zombies (Ossuary)
  5 orc zombies (Ossuary)
  A quokka zombie (D:7)
  10 rats
  2 rat simulacra (Ossuary)
  3 spectral goblins (Ossuary)
  A spectral kobold (Ossuary)
  2 spectral rats (Ossuary)
  A fungus (Lair:1)
  3 plants
844 creatures vanquished.

Vanquished Creatures (collateral kills)
  An ogre mage (Orc:2)
  A catoblepas (D:13)
  5 hydras
  A two-headed ogre (D:13)
  An orc knight (Orc:2)
  A cyclops (D:13)
  An ugly thing (D:13)
  2 elephants (Lair:3)
  2 spiny frogs
  2 centaur skeletons
  A komodo dragon (Lair:4)
  A troll (D:13)
  A hornet (Lair:6)
  A slime creature (D:12)
  2 blink frogs
  A hippogriff (Lair:5)
  A wraith (D:12)
  A hog (D:6)
  Grum (D:8)
  A basilisk (Lair:4)
  A yak (Lair:2)
  2 hungry ghosts
  A vampire mosquito (D:12)
  An acid dragon (Lair:6)
  A porcupine (Lair:5)
  2 orc warriors
  An ogre (D:6)
  3 centaurs (D:13)
  5 crocodiles
  3 bullfrogs
  A water moccasin zombie (D:6)
  A scorpion (D:12)
  6 killer bees (D:10)
  A hound (D:12)
  8 orc priests
  7 orc wizards
  3 worker ants
  4 gnolls
  12 orcs
  A giant cockroach (D:4)
  2 goblin zombies (Ossuary)
  2 hobgoblin zombies (Ossuary)
  A butterfly (Lair:2)
  A plant (Lair:4)
98 creatures vanquished.

Vanquished Creatures (others)
  A vampire mage (D:15)
  A killer bee (D:10)
  28 hexers
  An ancestor (D:5)
  2 gnolls (D:8)
  2 orcs
  A goblin zombie (Ossuary)
  An orc zombie (Ossuary)
  19 fungi
  28 plants
  7 withered plants (D:15)
91 creatures vanquished.

Grand Total: 1033 creatures vanquished

Notes
Turn   | Place    | Note
-------+----------+-------------------------------------------
     0 | D:1      | Monsterracer the Troll Fighter began the quest for the Orb.
     0 | D:1      | Reached XP level 1. HP: 22/22 MP: 0/0
   189 | D:1      | Reached XP level 2. HP: 29/29 MP: 1/1
   231 | D:1      | Reached skill level 3 in Unarmed Combat
   443 | D:1      | Reached XP level 3. HP: 36/36 MP: 2/2
   817 | D:2      | Found a blossoming altar of Fedhas.
   830 | D:2      | Reached skill level 4 in Unarmed Combat
   895 | D:2      | Reached XP level 4. HP: 36/44 MP: 3/3
  1473 | D:3      | Noticed Jessica
  1474 | D:3      | Killed Jessica
  1474 | D:3      | Reached skill level 5 in Unarmed Combat
  1483 | D:3      | Reached XP level 5. HP: 47/50 MP: 4/4
  1721 | D:3      | Noticed a black bear
  1738 | D:3      | Killed a black bear
  1738 | D:3      | Reached skill level 6 in Unarmed Combat
  1738 | D:3      | Reached XP level 6. HP: 20/59 MP: 5/5
  2223 | D:4      | Reached skill level 7 in Unarmed Combat
  2251 | D:4      | Found an iron altar of Okawaru.
  2313 | D:4      | Noticed Eustachio
  2336 | D:4      | Killed Eustachio
  2336 | D:4      | Reached XP level 7. HP: 49/66 MP: 6/6
  2366 | D:5      | Entered Level 5 of the Dungeon
  2414 | D:5      | Found a staircase to the Ecumenical Temple.
  2420 | Temple   | Entered the Ecumenical Temple
  2496 | Temple   | Became a worshipper of Hepliaklqana the Forgotten
  3550 | D:5      | Reached skill level 8 in Unarmed Combat
  3775 | D:5      | Reached * piety under Hepliaklqana
  3921 | D:5      | Reached skill level 1 in Invocations
  4268 | D:6      | Reached XP level 8. HP: 59/67 MP: 6/8
  4715 | D:6      | Found a blossoming altar of Fedhas.
  4723 | D:6      | Reached skill level 9 in Unarmed Combat
  5387 | D:7      | Noticed Protee's ghost (novice TeAE)
  5394 | D:7      | Killed Protee's ghost
  5394 | D:7      | Reached XP level 9. HP: 57/75 MP: 8/10
  5565 | D:7      | Learned a level 2 spell: Blink
  5569 | D:7      | Reached ** piety under Hepliaklqana
  5570 | D:7      | Remembered your ancestor Tlalli as a hexer
  5663 | D:6      | Reached skill level 10 in Unarmed Combat
  6172 | D:7      | Found a deep blue altar of Sif Muna.
  6626 | D:8      | Reached skill level 5 in Shields
  6640 | D:8      | Noticed Grum
  6664 | D:8      | Reached XP level 10. HP: 60/84 MP: 7/12
  6685 | D:8      | Killed Grum
  6747 | D:8      | Noticed Pikel
  6754 | D:8      | Killed Pikel
  6859 | D:8      | Found a bloodstained altar of Trog.
  6862 | D:8      | Found a shimmering altar of Xom.
  6882 | D:8      | Found a sand-covered staircase.
  6891 | Ossuary  | Entered an ossuary
  7261 | Ossuary  | Learned a level 1 spell: Magic Dart
  7264 | Ossuary  | Learned a level 2 spell: Blink
  7288 | Ossuary  | Reached skill level 5 in Fighting
  7521 | D:8      | Found an opulent altar of Gozag.
  7524 | D:8      | Found a burning altar of Makhleb.
  7599 | D:8      | Reached *** piety under Hepliaklqana
  7617 | D:8      | Reached skill level 5 in Invocations
  7773 | D:8      | Noticed Prince Ribbit
  7778 | D:8      | Killed Prince Ribbit
  7778 | D:8      | Reached skill level 11 in Unarmed Combat
  7859 | D:8      | Reached skill level 5 in Dodging
  8118 | D:9      | Noticed a two-headed ogre
  8134 | D:9      | Killed a two-headed ogre
  8295 | D:9      | Found a staircase to the Lair.
  8836 | D:9      | Reached **** piety under Hepliaklqana
  9185 | Lair:1   | Entered Level 1 of the Lair of Beasts
  9267 | Lair:1   | Reached XP level 11. HP: 85/94 MP: 12/14
 10136 | Lair:1   | Noticed a five-headed hydra
 10155 | Lair:1   | Killed a nine-headed hydra
 10341 | Lair:2   | Reached skill level 12 in Unarmed Combat
 11245 | Lair:2   | Found a deep blue altar of Sif Muna.
 11599 | Lair:3   | Found a staircase to the Shoals.
 11639 | Lair:3   | Noticed Harold
 11653 | Lair:3   | Reached XP level 12. HP: 41/103 MP: 9/15
 11658 | Lair:3   | Killed Harold
 11658 | Lair:3   | Reached skill level 13 in Unarmed Combat
 11795 | Lair:3   | Found a hole to the Spider Nest.
 12031 | Lair:3   | Reached ***** piety under Hepliaklqana
 13292 | Lair:4   | Found a stormy altar of Qazlal.
 13304 | Lair:4   | Noticed Josephine
 13322 | Lair:4   | Killed Josephine
 13332 | Lair:4   | Reached skill level 14 in Unarmed Combat
 13412 | Lair:4   | Reached XP level 13. HP: 83/114 MP: 16/16
 13653 | Lair:4   | Gained mutation: You are partially covered in slimy green scales. (AC +2) [potion of mutation]
 13653 | Lair:4   | Gained mutation: You have a pair of small horns on your head. [potion of mutation]
 13653 | Lair:4   | Gained mutation: You are frail. (-10% HP) [potion of mutation]
 13653 | Lair:4   | Gained mutation: Your spells are a little harder to cast, but a little more powerful. [potion of mutation]
 15359 | Lair:5   | Found a viscous altar of Jiyva.
 15359 | Lair:5   | Found a staircase to the Slime Pits.
 15490 | Lair:6   | Entered Level 6 of the Lair of Beasts
 15629 | Lair:6   | Found a runed door.
 15764 | Lair:6   | Found a frozen archway.
 15802 | IceCv    | Entered an ice cave
 15815 | IceCv    | Reached skill level 15 in Unarmed Combat
 16575 | Lair:6   | Noticed AnCiEnTStOnEBeAsT's ghost (journeyman HOFi)
 16577 | Lair:6   | Reached XP level 14. HP: 103/109 MP: 18/18
 16594 | Lair:6   | Killed AnCiEnTStOnEBeAsT's ghost
 16717 | Lair:6   | Paralysed by a hornet for 2 turns
 18214 | Lair:6   | Reached skill level 16 in Unarmed Combat
 18540 | D:10     | Entered Level 10 of the Dungeon
 19794 | D:11     | Noticed Erica
 19987 | D:11     | Killed Erica
 20450 | D:11     | Found a staircase to the Orcish Mines.
 20558 | D:11     | Noticed Fannar
 20591 | D:11     | Killed Fannar
 20591 | D:11     | Reached skill level 10 in Shields
 20754 | Orc:1    | Entered Level 1 of the Orcish Mines
 20981 | Orc:1    | Found Biatoif's Food Emporium.
 21371 | Orc:2    | Entered Level 2 of the Orcish Mines
 21384 | Orc:2    | Reached XP level 15. HP: 119/119 MP: 20/20
 21571 | Orc:2    | Found Peivuotz's Food Emporium.
 21858 | Orc:2    | Found Zeoxymeisen's Quality Used Wands.
 21904 | Orc:2    | Found a staircase to the Elven Halls.
 22306 | Orc:2    | Reached skill level 10 in Fighting
 22394 | Orc:2    | Reached skill level 10 in Dodging
 22403 | Orc:2    | Found Guku Fuh's Antique Weapon Emporium.
 22405 | Orc:2    | Found Doki's Distillery.
 22509 | Orc:2    | Found Xewnamor's Antique Weapon Shoppe.
 22926 | D:12     | Found a runed door.
 22926 | D:12     | Noticed a frost giant
 23056 | D:12     | Noticed Azrael
 23271 | D:12     | Reached skill level 17 in Unarmed Combat
 23399 | D:12     | Killed Azrael
 23523 | D:12     | Identified a scroll of acquirement
 23526 | D:12     | Got a transparent cloak
 23537 | D:12     | Identified the +4 cloak of Komajita {rF+} (You acquired it on level 12 of the Dungeon)
 23648 | D:12     | Noticed Psyche
 23653 | D:12     | Killed Psyche
 24343 | D:13     | Reached ****** piety under Hepliaklqana
 24386 | D:13     | Found a radiant altar of Vehumet.
 24463 | D:13     | Found a gate to the Vaults.
 24642 | D:13     | Noticed Erolcha
 24649 | D:13     | Killed Erolcha
 25442 | D:13     | Reached XP level 16. HP: 111/128 MP: 21/21
 26934 | D:14     | Reached skill level 18 in Unarmed Combat
 27023 | D:15     | Entered Level 15 of the Dungeon
 27210 | D:15     | Found a staircase to the Depths.
 27381 | D:15     | Paralysed by an ogre mage for 7 turns
 27385 | D:15     | HP: 2/128 [two-headed ogre/giant spiked club (31)]
 27385 | D:15     | Slain by a two-headed ogre

Vault maps used:
D:1:      dpeg_arrival_snail
D:2:      fedhas_altar_1, first_bread, corexii_leaking_fountain
D:3:      kennysheep_generic_room_5, uniq_jessica
D:4:      wad_woods_pond, okawaru_trees_1, uniq_eustachio
D:5:      minmay_temple_entry_fiery
D:6:      basic_altar, serial_bayou_pond_a, serial_bayou_pond_a
D:7:      grunt_livestock, led_sif_book
D:8:      grunt_temple_overflow_cloverleaf, nicolae_ossuary_entry_monument,
          uniq_pikel, uniq_prince_ribbit1, uniq_grum
D:9:      erik_lair_orcish_takeover, dk_vineyard_3, minmay_strange_pillars
D:10:     special_room, kennysheep_nub
D:11:     erik_orc_2, st_stairs_14, uniq_fannar, uniq_erica
D:12:     minmay_gate_of_8, uniq_psyche, uniq_azrael
D:13:     erik_vaults_2, basic_altar, grunt_ministairs_4,
          lightli_fourway_metalbox, uniq_erolcha
D:14:     bh_chokoban, kennysheep_small_square
D:15:     gammafunk_depths_entry_grave, basic_altar, serial_shops, shop
Temple:   eino_temple_scatter_basement
Lair:1:   serial_bayou_lake_a, lemuel_fruit_tree
Lair:2:   basic_altar, cheibrodos_lair_reptile_den, lemuel_fruit_fields,
          grunt_megastairs_4, infiniplex_staircase_pool_2
Lair:3:   elwin_shoals_entry_rocks, spider_nest_entry_webs, uniq_harold
Lair:4:   beast_lair_carwin_large_4, basic_altar, uniq_josephine
Lair:5:   dpeg_slime_entry_enclosed_altar
Lair:6:   wormcave, guppyfry_lair_end_dragon, portal_ice_cave_demonic_guard,
          grunt_megastairs_1, serial_bayou_shore_b
Orc:1:    serial_shops, nicolae_shop_crystal
Orc:2:    st_orc_open, nicolae_for_you_no_charge
Ossuary:  ossuary_zaba_two_paths
IceCv:    ice_cave_tombish

Skill      XL: |  1  2  3  4  5  6  7  8  9 10 11 12 13 14 15 16 |
---------------+-------------------------------------------------+-----
Unarmed Combat | 3 4 5 6 7 8 9 10 11 12 14 15 16 17 18 | 18.1
Invocations    | 1 3 4 5 6 7 8 |  8.0
Shields        | 3 4 5 6 8 9 10 11 | 11.3
Fighting       | 3 4 5 6 8 9 10 11 | 11.0
Dodging        | 3 4 5 6 7 8 9 10 | 10.9

Action                   |  1- 3 |  4- 6 |  7- 9 | 10-12 | 13-15 | 16-18 || total
-------------------------+-------+-------+-------+-------+-------+-------++-------
Melee: Unarmed           |   113 |   125 |   256 |   657 |  1360 |   274 ||  2785
       Headbutt          |       |       |       |       |   297 |    72 ||   369
Invok: Recall Ancestor   |       |       |     2 |       |     3 |     3 ||     8
       Ancestor Life: He |       |       |     1 |       |       |       ||     1
       Idealise          |       |       |       |     1 |     7 |     1 ||     9
       Ancestor Identity |       |       |       |       |       |     1 ||     1
Evoke: Wand              |       |       |     1 |       |     3 |     2 ||     6
  Use: Potion            |     5 |     2 |     3 |     7 |    10 |       ||    27
       Scroll            |       |     6 |     6 |     8 |    15 |     2 ||    37
 Stab: Distracted        |       |       |     1 |     2 |    12 |       ||    15
       Confused          |       |       |       |     2 |     9 |       ||    11
       Sleeping          |       |       |       |       |     1 |       ||     1
       Paralysed         |       |       |       |       |    26 |     7 ||    33
       Petrified         |       |       |       |       |     2 |       ||     2
  Eat: Chunk             |     6 |    19 |    39 |    62 |   113 |    17 ||   256
       Royal jelly       |       |       |     1 |       |       |       ||     1
Armor: Robe              |    41 |    42 |    42 |   112 |   215 |    64 ||   516
       Skin              |    14 |       |       |     8 |     2 |       ||    24
       Troll leather arm |       |       |       |       |     4 |       ||     4
Dodge: Dodged            |    26 |    37 |    66 |   164 |   308 |    80 ||   681
Block: Shield            |    43 |    56 |    99 |   184 |       |       ||   382
       Large shield      |       |       |       |   187 |  1084 |   267 ||  1538
